Map: Darkness Sanctuary LE

Players

Must - Winner!

  • Race: Zerg Zerg
  • Spawn Location: 11:00

VOD

Have the link to the VOD?

Description

Time

  • Played on: July 20, 2018, 11:55 a.m.
  • Length: 17:15
Show
View Real Time Build Order
Export as new Build Order

Must Zerg - Winner!

Build Orders:  

Get SALT Encoding   

  12  0:07  Drone  
  13  0:19  Overlord  
  13  0:28  Drone  
  14  1:00  Hatchery  
  14  1:04  Drone  
  14  1:30  Drone  
  14  1:31  Drone x2  
  17  1:44  Spawning Pool  
  17  1:47  Extractor  
  15  1:51  Drone  
  16  2:02  Drone  
  17  2:23  Drone  
  18  2:31  Drone  
  19  2:41  Drone  
  19  2:47  Drone  
  21  2:50  Queen  
  21  2:51  Queen  
  21  2:58  Zergling x2  
  26  3:01  Zergling x2  
  27  3:19  Overlord  
  27  3:21  Drone  
  28  3:56  Drone  
  28  3:57  Drone x3  
  32  4:00  Drone  
  32  4:05  Extractor  
  31  4:33  Drone  
  31  4:34  Drone x4  
  31  4:36  Overlord  
  36  4:56  Roach Warren  
  35  5:07  Queen  
  35  5:08  Drone x6  
  43  5:10  Lair  
  43  5:39  Overlord x2  
  43  5:40  Drone  
  44  5:51  Extractor  
  44  5:52  Extractor  
  44  5:57  Queen  
  44  6:05  Drone x2  
  44  6:06  Drone x9  
  55  6:34  Overlord x2  
  55  6:52  Glial Reconstitution  
  54  7:32  Roach x6  
  54  7:34  Overlord x3  
  66  8:09  Roach  
  68  8:10  Roach x5  
  78  8:34  Hatchery  
  77  8:40  Hatchery  
  76  8:52  Overlord x2, Roach  
  76  8:53  Roach x3  
  84  9:06  Evolution Chamber  
  83  9:10  Evolution Chamber  
  82  9:41  Roach x12  
  106  10:00  Zerg Missile Weapons Level 1, Zerg Ground Armor Level 1  
  106  10:02  Overlord x2  
  106  10:44  Drone x7  
  106  10:45  Drone x6  
  128  11:07  Overseer x2  
  128  11:19  Infestation Pit  
  127  11:24  Hydralisk Den  
  126  11:35  Roach x5  
  126  11:37  Overlord x2  
  126  11:38  Overlord  
  117  12:03  Roach  
  117  12:04  Roach x15  
  135  12:18  Roach x8  
  143  12:41  Zerg Ground Armor Level 2, Zerg Missile Weapons Level 2  
  143  12:52  Extractor  
  143  12:53  Extractor  
  141  13:11  Overlord x2  
  141  13:12  Drone x11  
  141  13:13  Drone x8  
  160  13:29  Lurker Den  
  153  14:10  Unknown  
  151  14:39  Hydralisk  
  153  14:40  Hydralisk x11  
  153  14:43  Overlord x4  
  172  15:21  Hydralisk  
  172  15:22  Hydralisk x10  
  194  15:46  Hydralisk x3  
  200  15:50  Unknown  
  200  15:59  Extractor  
  197  16:01  Extractor  
Tags
 
Add a new tag
Caveats
  • Supply blocks, unpowered buildings, or Contaminate may cause inaccurate times.
  • Supply counts are checked every 10 seconds.